 Dungeon Crawl Stone Soup version 0.22.0-38-g04b72b8 (webtiles) character file.

42 MollyMolluskus the Skirmisher (level 3, -2/26 HPs)
             Began as an Octopode Fighter on Aug 25, 2018.
             Slain by an ooze (4 damage)
             ... on level 2 of the Dungeon.
             The game lasted 00:11:05 (1336 turns).

MollyMolluskus the Skirmisher (Octopode Fighter)    Turns: 1336, Time: 00:11:05

Health: -2/26      AC:  1    Str: 20    XL:     3   Next: 54%
Magic:  3/3        EV: 11    Int: 10    God:
Gold:   13         SH:  9    Dex: 12    Spells: 2/2 levels left

rFire    . . .     SeeInvis .   k - +3 dagger (vamp)
rCold    . . .     Gourm    .   b - +0 shield
rNeg     . . .     Faith    .   (helmet restricted)
rPois    .         Spirit   .   (no amulet)
rElec    .         Reflect  .   (no ring)
rCorr    .         Harm     .   (no ring)
MR       .....                  (no ring)
Stlth    +++.......             (no ring)
HPRegen  0.08/turn              (no ring)
MPRegen  0.08/turn              (no ring)
                                (no ring)
                                (no ring)

@: mighty
A: almost no armour, stealthy swim, amphibious, 8 rings, constrict 8, camouflage
1, gelatinous body 1
a: no special abilities


You were on level 2 of the Dungeon.
You were not hungry.

You visited 1 branch of the dungeon, and saw 2 of its levels.

You collected 13 gold pieces.

Inventory:

Hand Weapons
 a - a +0 rapier
 h - a +1 hunting sling of velocity
 k - a +3 vampiric dagger (weapon)
Missiles
 g - 25 stones (quivered)
 l - 2 javelins
 n - 20 sling bullets
Armour
 b - a +0 shield (worn)
Scrolls
 j - a scroll of fear {unknown}
Potions
 c - a potion of might
 e - a potion of cancellation
 i - a potion of agility
 m - 2 potions of haste
Comestibles
 d - 2 rations


   Skills:
 * Level 3.3 Fighting
 * Level 2.4 Short Blades
 * Level 0.6 Throwing
 + Level 3.1 Dodging
 * Level 1.6 Stealth
 + Level 3.2 Shields


You had 2 spell levels left.
You didn't know any spells.
Your spell library was empty.

Dungeon Overview and Level Annotations

Branches:
Dungeon (2/15)

Altars:
Elyvilon


Innate Abilities, Weirdness & Mutations

You cannot wear most types of armour.
You are very stealthy in the water. (Stealth+)
You are amphibious.
You can wear up to eight rings at the same time.
You can use your tentacles to constrict eight enemies at once.
Your skin changes colour to match your surroundings (Stealth+).
Your rubbery body absorbs attacks. (AC +1, EV +1)


Message History

You block the ooze's attack.
You closely miss the gnoll. Your grab misses the gnoll.
You squeeze the gnoll, but do no damage.
The gnoll closely misses you. You block the gnoll's attack.
The ooze completely misses you.
You closely miss the gnoll. You grab the gnoll. You squeeze the gnoll.
The gnoll is moderately wounded.
You constrict the gnoll. You block the gnoll's attack.
The gnoll hits you with a whip!
* * * LOW HITPOINT WARNING * * *
You block the ooze's attack.
You feel very mighty all of a sudden.
You constrict the gnoll, but do no damage.
You block the gnoll's attack. The gnoll hits you with a whip.
* * * LOW HITPOINT WARNING * * *
The ooze completely misses you.
You barely miss the gnoll. Your grab misses the gnoll.
You constrict the gnoll, but do no damage.
The gnoll closely misses you. You block the gnoll's attack. The ooze hits you.
You die...

+##### ...... .# .##.
........## .## ....
>............ .....
.........##.# .....
..........#.# #....
#..........## #....
#....(....# ....
#.....g@..# ...#
###.....Jg..##############
........[..................
####.........##############
###......## #......
######.# #######.#####
+......# ...........#
######## ...........##
.............


You could see 2 gnolls and an ooze.

Vanquished Creatures
  A gnoll (D:1)
  2 dart slugs
  A ball python (D:1)
  4 bats (D:1)
  5 goblins
  A hobgoblin (D:1)
  8 kobolds
  A quokka (D:2)
  2 frilled lizards
  2 rats
27 creatures vanquished.

Notes
Turn   | Place    | Note
-------+----------+-------------------------------------------
     0 | D:1      | MollyMolluskus the Octopode Fighter began the quest for the Orb.
     0 | D:1      | Reached XP level 1. HP: 16/16 MP: 1/1
   158 | D:1      | Reached XP level 2. HP: 19/21 MP: 2/2
   710 | D:1      | Reached skill level 1 in Stealth
   943 | D:2      | Found a white marble altar of Elyvilon.
   980 | D:2      | Reached XP level 3. HP: 26/26 MP: 3/3
  1336 | D:2      | Slain by an ooze

Skill      XL: |  1  2 |
---------------+-------+-----
Stealth        | 1 |  1.6
Fighting       | |  3.3
Short Blades   | |  2.4
Throwing       | |  0.6
Dodging        | |  3.1
Shields        | |  3.2

Action                   || total
-------------------------++-------
Melee: Rapier            ||    31
       Constrict         ||    16
       Tentacles         ||     9
       Dagger            ||    26
Throw: Stone             ||     8
  Use: Scroll            ||     4
       Potion            ||     1
 Stab: Sleeping          ||     6
  Eat: Ration            ||     2
Armor: Skin              ||     3
Dodge: Dodged            ||    26
Block: Shield            ||    31
